 Dungeon Crawl Stone Soup version 0.21.1-1-g345015fe64 (webtiles) character file.

4448 Ablot the Basher (level 10, -4/63 HPs)
             Began as a Gargoyle Fighter on July 18, 2018.
             Was a Believer of the Shining One.
             Slain by a hog (7 damage)
             ... on level 7 of the Dungeon.
             The game lasted 00:43:44 (7831 turns).

Ablot the Basher (Gargoyle Fighter)                 Turns: 7831, Time: 00:43:45

Health: -4/63      AC: 17    Str: 23    XL:     10   Next: 37%
Magic:  22/22      EV:  9    Int:  9    God:    the Shining One [**....]
Gold:   442        SH: 14    Dex:  9    Spells: 9/9 levels left

rFire    + . .     SeeInvis .   l - +3 whip (flame)
rCold    x . .     Gourm    .   c - +0 shield
rNeg     + + .     Faith    .   b - +0 scale mail
rPois    ∞         Spirit   .   A - +1 helmet
rElec    +         Reflect  +   (no cloak)
rCorr    .         Harm     .   (no gloves)
MR       .....                  (no boots)
Stlth    +.........             I - +3 amulet of reflection
HPRegen  0.20/turn              C - ring of magical power
MPRegen  0.18/turn              o - ring of fire

@: glowing
A: negative energy resistance 1, electricity resistance, unbreathing,
petrification resistance, rot immunity, AC +7
a: Divine Shield, Renounce Religion


You were on level 7 of the Dungeon.
You worshipped the Shining One.
The Shining One was pleased with you.
You were not hungry.

You visited 2 branches of the dungeon, and saw 8 of its levels.

You collected 442 gold pieces.

Inventory:

Hand Weapons
 l - a +3 whip of flaming (weapon)
Missiles
 a - 11 tomahawks (quivered)
 e - 8 poisoned tomahawks
 g - 12 poisoned needles
 m - 69 bolts
 z - 67 sling bullets
Armour
 b - a +0 scale mail (worn)
 c - a +0 shield (worn)
 A - a +1 helmet (worn)
Magical Staves
 G - an uncursed staff of poison {unknown}
 J - an uncursed staff of conjuration {unknown}
Jewellery
 o - a ring of fire (right hand)
 C - a ring of magical power (left hand)
 I - a +3 amulet of reflection (around neck)
Wands
 d - a wand of polymorph (22)
 K - a wand of acid (11)
 L - a wand of iceblast (6)
Scrolls
 j - 3 scrolls of teleportation
 r - a scroll of enchant armour
 s - 2 scrolls of enchant weapon
 t - a scroll of fog
 w - a scroll of remove curse
 y - a scroll of blinking {unknown}
 B - a scroll of magic mapping {unknown}
 E - a scroll of fear {unknown}
Potions
 h - a potion of cancellation
 i - a potion of resistance {unknown}
 k - a potion of berserk rage {unknown}
 n - 3 potions of haste
 q - a potion of magic {unknown}
 u - 2 potions of flight {unknown}
 v - 2 potions of heal wounds {unknown}
 x - a potion of invisibility {unknown}
 D - a potion of agility {unknown}
 F - a potion of curing
Books
 H - a book of Minor Magic

   Spells                             Type                      Level
   a - Magic Dart                     Conjuration                  1
   b - Blink                          Translocation                2
   c - Call Imp                       Summoning                    2
   d - Slow                           Hexes                        2
   e - Conjure Flame                  Conjuration/Fire             3
   f - Mephitic Cloud                 Conjuration/Poison/Air       3
Comestibles
 f - 14 rations


   Skills:
 + Level 7.3 Fighting
 * Level 8.5 Maces & Flails
 + Level 7.4 Armour
 + Level 3.1 Dodging
 - Level 4.0 Stealth
 + Level 7.3 Shields
 + Level 4.1 Invocations


You had 9 spell levels left.
You didn't know any spells.

Dungeon Overview and Level Annotations

Branches:
Dungeon (7/15)             Temple (1/1) D:4

Altars:
Ashenzari
Cheibriados
Dithmenos
Elyvilon
Fedhas
Gozag
Hepliaklqana
Kikubaaqudgha
Makhleb
Nemelex Xobeh
Okawaru
Qazlal
Ru
Sif Muna
Uskayaw
Vehumet
Wu Jian
Xom
Yredelemnul
Zin
The Shining One

Annotations:
D:6 swarr's ghost, novice TrWz


Innate Abilities, Weirdness & Mutations

You are resistant to torment.
Your stone body is resilient. (AC +7)
You are immune to poison.
You resist negative energy. (rN+)
You are resistant to electric shocks. (rElec)
You can survive without breathing.
You are immune to petrification.
You are immune to rotting.


Message History

You whack the hog! You burn the hog.
The hog is moderately wounded.
The hog bites you but does no damage. You block the hog's attack.
You whack the hog! You burn the hog.
The hog is heavily wounded.
You block the hog's attack. The hog bites you but does no damage.
You hit the hog. You burn the hog.
The hog is heavily wounded.
The hog barely misses you.
You whack the hog! You burn the hog.
The hog is almost dead.
The hog bites you!
* * * LOW HITPOINT WARNING * * *
The hog barely misses you.
You whack the hog! You burn the hog.
You kill the hog!
The hog bites you.
* * * LOW HITPOINT WARNING * * *
The hog bites you!
You die...

##.###...... ##..#
####.#. #..## #..#
#.## ##.. #.# ##.
#.# ######..
########)####...#..#
#......^...##.......
#†.@.......##.......
##h#####...##...#.##
#..#h.#.......#...#
#..#..#....####...#
#..'..#.......#...#
#%.#..##.####......
#%%#..##..# ##.....
#########.###......
#.##...##..


You could see a hog.

Vanquished Creatures
  Pikel (D:5)
  Grinder (D:4)
  A hippogriff (D:7)
  A human (D:7)
  3 hogs (D:7)
  A water moccasin (D:7)
  An ice beast (D:5)
  2 orc warriors
  2 black bears
  A sky beast (D:6)
  A phantom (D:7)
  4 ogres
  2 centaurs
  A big kobold (D:6)
  Blork the orc (D:5)
  5 bullfrogs
  A wyvern skeleton (D:6)
  2 scorpions (D:4)
  5 killer bees (D:7)
  A howler monkey (D:5)
  2 crimson imps
  4 hounds
  A centaur skeleton (D:6)
  4 orc priests
  6 orc wizards
  An iguana (D:6)
  3 worker ants
  2 hound zombies
  8 adders
  4 gnolls (D:4)
  2 oozes (D:1)
  3 adder skeletons (D:4)
  2 worms
  4 dart slugs
  The ghost of P0WERM0DE the Grave Robber, a weakling OpNe (D:4)
  3 leopard geckos
  37 orcs
  8 bats
  6 giant cockroaches
  11 goblins
  5 hobgoblins
  21 jackals
  7 kobolds
  5 quokkas
  3 frilled lizards
  A jackal skeleton (D:4)
  A jackal zombie (D:5)
  10 rats
  A plant (D:2)
203 creatures vanquished.

Vanquished Creatures (others)
  A bullfrog zombie (D:5)
  An orc priest (D:5)
  An orc (D:5)
3 creatures vanquished.

Grand Total: 206 creatures vanquished

Notes
Turn   | Place    | Note
-------+----------+-------------------------------------------
     0 | D:1      | Ablot the Gargoyle Fighter began the quest for the Orb.
     0 | D:1      | Reached XP level 1. HP: 14/14 MP: 1/1
    23 | D:1      | Reached XP level 2. HP: 19/19 MP: 2/2
   165 | D:1      | Reached XP level 3. HP: 21/23 MP: 3/3
   293 | D:2      | Noticed a bullfrog
   306 | D:2      | Killed a bullfrog
   306 | D:2      | Reached XP level 4. HP: 17/29 MP: 4/4
   326 | D:2      | Reached skill level 3 in Maces & Flails
   812 | D:1      | Reached XP level 5. HP: 33/33 MP: 5/5
  1402 | D:2      | Found a burning altar of Makhleb.
  1402 | D:2      | Found a hide-covered altar of Uskayaw.
  1406 | D:2      | Found a deep blue altar of Sif Muna.
  1941 | D:3      | Found a shattered altar of Ashenzari.
  2113 | D:3      | Reached skill level 1 in Stealth
  2146 | D:3      | Found a white marble altar of Elyvilon.
  2151 | D:3      | Became a worshipper of Elyvilon the Healer
  2885 | D:5      | Entered Level 5 of the Dungeon
  2897 | D:5      | Reached * piety under Elyvilon
  2965 | D:4      | Reached XP level 6. HP: 31/38 MP: 6/6
  3062 | D:4      | Noticed Grinder
  3081 | D:4      | Paralysed by Grinder for 6 turns
  3089 | D:4      | Paralysed by Grinder for 3 turns
  3106 | D:4      | Killed Grinder
  3106 | D:4      | Reached skill level 4 in Maces & Flails
  3378 | D:4      | Reached XP level 7. HP: 27/44 MP: 7/7
  3731 | D:4      | Noticed P0WERM0DE's ghost (weakling OpNe)
  3736 | D:4      | Killed P0WERM0DE's ghost
  3765 | D:4      | Found a burning altar of Makhleb.
  3973 | D:4      | HP: 1/44 [gnoll/spear (7)]
  4239 | D:4      | Reached skill level 5 in Armour
  4398 | D:4      | Reached skill level 5 in Shields
  4462 | D:4      | Reached skill level 5 in Fighting
  4499 | D:4      | Found a staircase to the Ecumenical Temple.
  4530 | Temple   | Entered the Ecumenical Temple
  4702 | Temple   | Reached ** piety under Elyvilon
  4728 | Temple   | Fell from the grace of Elyvilon
  4728 | Temple   | Became a worshipper of the Shining One
  4949 | D:5      | Reached skill level 5 in Maces & Flails
  4981 | D:5      | Reached * piety under the Shining One
  4982 | D:5      | Noticed Pikel
  4986 | D:5      | Reached XP level 8. HP: 49/49 MP: 8/8
  4999 | D:5      | Killed Pikel
  4999 | D:5      | Reached skill level 6 in Maces & Flails
  5158 | D:5      | Noticed Blork the orc
  5168 | D:5      | Killed Blork the orc
  5210 | D:5      | Reached skill level 1 in Dodging
  5210 | D:5      | Reached skill level 1 in Invocations
  5210 | D:5      | Reached XP level 9. HP: 53/55 MP: 9/9
  5840 | D:6      | Noticed swarr's ghost (novice TrWz)
  6011 | D:6      | Found a radiant altar of Vehumet.
  6076 | D:6      | Reached skill level 7 in Maces & Flails
  6141 | D:6      | Found a sacrificial altar of Ru.
  7297 | D:7      | Reached ** piety under the Shining One
  7312 | D:7      | Found a radiant altar of Vehumet.
  7414 | D:7      | Reached skill level 8 in Maces & Flails
  7414 | D:7      | Reached XP level 10. HP: 57/61 MP: 12/12
  7830 | D:7      | HP: 3/63 [hog (3)]
  7831 | D:7      | Slain by a hog

Skill      XL: |  1  2  3  4  5  6  7  8  9 10 |
---------------+-------------------------------+-----
Armour         | 4 5 6 7 |  7.4
Shields        | 4 5 6 7 |  7.3
Maces & Flails | 3 4 5 6 8 |  8.5
Fighting       | 4 5 6 7 |  7.3
Stealth        | 2 3 4 |  4.0
Dodging        | 1 2 3 |  3.1
Invocations    | 1 3 4 |  4.1

Action                   |  1- 3 |  4- 6 |  7- 9 | 10-12 || total
-------------------------+-------+-------+-------+-------++-------
Melee: Flail             |    55 |   238 |   150 |       ||   443
       Whip              |       |       |   262 |    91 ||   353
Invok: Lesser Healing    |       |       |     4 |       ||     4
  Use: Scroll            |       |     5 |     8 |       ||    13
       Potion            |       |     2 |       |       ||     2
  Eat: Chunk             |       |     8 |    14 |     2 ||    24
Armor: Scale mail        |    27 |   119 |   194 |    36 ||   376
Dodge: Dodged            |    14 |    79 |   117 |    25 ||   235
Block: Shield            |    41 |   122 |   208 |    63 ||   434
       Reflection        |       |       |       |     3 ||     3
